 Dungeon Crawl Stone Soup version 0.26-a0-682-g294304f (webtiles) character file.

Game seed: 8633859744171165831

3640 Mopster the Cleaver (level 9, -3/123 HPs)
             Began as a Minotaur Berserker on Oct 20, 2020.
             Was a High Priest of Trog.
             Slain by an orc knight
             ... wielding a +0 war axe
              (16 damage)
             ... in a bailey on Oct 21, 2020.
             The game lasted 00:19:52 (5990 turns).

Mopster the Cleaver (Minotaur Berserker)            Turns: 5990, Time: 00:19:52

Health: -3/123     AC: 15    Str: 23    XL:     9   Next: 87%
Magic:  8/8        EV:  9    Int:  4    God:    Trog [*****.]
Gold:   513        SH:  0    Dex: 12    Spells: 8/8 levels left

rFire    . . .     SeeInvis .   i - +0 war axe
rCold    + . .     Faith    .   (no shield)
rNeg     . . .     Spirit   .   F - +0 plate armour
rPois    .         Reflect  .   (helmet restricted)
rElec    .         Harm     .   (no cloak)
rCorr    .         Rampage  .   (no gloves)
MR       .....                  h - +0 pair of boots
Stlth    ..........             (no amulet)
HPRegen  0.30/turn              x - ring of protection from cold
MPRegen  0.11/turn              (no ring)

@: berserking, slow
A: retaliatory headbutt, horns 2
a: Berserk, Trog's Hand, Brothers in Arms, Renounce Religion


You were in a bailey.
You worshipped Trog.
Trog was extremely pleased with you.
You visited 1 branch of the dungeon, and saw 7 of its levels.
You also visited: Ossuary and Bailey.

You collected 513 gold pieces.

Inventory:

Hand Weapons
 a - a +0 hand axe
 i - a +0 war axe (weapon)
 C - a +0 war axe
Armour
 h - a +0 pair of boots (worn)
 F - a +0 plate armour (worn)
Jewellery
 x - a ring of protection from cold (left hand)
Wands
 g - a wand of flame (18)
 z - a wand of paralysis (11)
 A - a wand of enslavement (6)
Scrolls
 e - 3 scrolls of teleportation
 l - 3 scrolls of fear
 m - a scroll of identify
 y - 2 scrolls of enchant armour
 D - 3 scrolls of enchant weapon
Potions
 c - 2 potions of curing {unknown}
 d - 2 potions of haste {unknown}
 j - a potion of invisibility {unknown}
 k - 2 potions of brilliance {unknown}
 n - 3 potions of stabbing {unknown}
 o - 3 potions of lignification {unknown}
 p - 3 potions of heal wounds {unknown}
 r - 3 potions of degeneration {unknown}
 s - 2 potions of magic {unknown}
 t - 3 potions of might {unknown}
 v - 2 potions of mutation {unknown}
 w - a potion of ambrosia {unknown}
 E - 2 potions of flight {unknown}


   Skills:
 * Level 8.5 Fighting
 + Level 11.8 Axes
 + Level 8.2 Armour
 * Level 5.5 Dodging
 - Level 1.0 Stealth


You had 8 spell levels left.
You didn't know any spells.
Your spell library was empty.

Dungeon Overview and Level Annotations

Branches:
Dungeon (7/15)             Temple (0/1) D:4         Ossuary (visited)
 Bailey (1/1)

Altars:
Cheibriados
Makhleb
Nemelex Xobeh
Okawaru
Qazlal
Uskayaw
Vehumet


Innate Abilities, Weirdness & Mutations

You reflexively headbutt those who attack you in melee.
You have a pair of horns on your head.


Message History

You feel the power of Trog in you as your rage grows.
You kill the electric eel!
Trog accepts your kill.
You hear a splash.
You slash the orc knight! You hit the orc knight.
The orc knight is moderately wounded.
The orc knight closely misses you. You furiously retaliate!
You headbutt the orc knight. You hit the orc knight.
The orc knight is moderately wounded.
You closely miss the orc knight. You headbutt the orc knight.
The orc knight is heavily wounded.
The orc knight hits you with a +0 war axe!
* * * LOW HITPOINT WARNING * * *
You slice the orc knight!!
The orc knight is severely wounded.
Your unstable footing causes you to fumble your attack.
The orc knight hits you with a +0 war axe!
You die...

≈≈≈≈≈≈≈≈≈≈...≈≈≈≈
≈≈≈≈≈≈≈≈≈≈≈≈≈≈≈≈≈...≈≈≈≈
≈≈≈≈≈≈≈######≈≈≈≈...≈≈≈≈
≈≈≈≈≈≈≈ ..#...).......
≈≈≈≈≈≈≈ ##..#####'''####
≈≈≈≈≈≈≈ ....#..'.....+
≈≈≈≈≈≈≈ g.. #..'.....+
≈≈≈≈≈≈≈#o####..#..⌠..#
≈≈≈≈≈≈≈@.#.....#.....#
≈≈≈≈≈≈≈≈.#.8...#.....#
≈≈≈≈≈≈≈≈.#.....#######
≈≈≈≈≈≈≈≈.#.8?########
≈≈≈≈≈≈≈≈.#...).......
≈≈≈≈≈≈≈≈.#.8)[.......
≈≈≈≈≈≈≈≈.'........_..
≈≈≈≈≈≈≈≈.##+#........
≈≈≈≈≈≈≈≈.# #########


You could see an orc knight and a goblin.

Vanquished Creatures
  Pikel (D:5)
  2 orc sorcerers (Bailey)
  Grinder (D:5)
  Edmund (D:6)
  Duvessa (D:5)
  An orc warrior (Bailey)
  A necrophage (D:5)
  A sky beast (D:5)
  2 ogres
  2 centaurs
  3 bullfrogs (D:6)
  2 elf zombies (Ossuary)
  Dowan (D:5)
  A howler monkey (D:4)
  2 electric eels (Bailey)
  A bullfrog zombie (D:6)
  2 centaur zombies (Ossuary)
  2 orc priests (D:4)
  4 hounds
  A jelly (D:5)
  A bullfrog skeleton (D:5)
  An iguana (D:6)
  2 orc wizards
  8 worker ants
  A hound skeleton (D:5)
  2 mummies (Ossuary)
  Robin (D:2)
  8 adders
  2 oozes (D:3)
  2 adder zombies (Ossuary)
  2 adder skeletons
  4 worms
  5 leopard geckos
  20 orcs
  3 ball pythons
  7 bats
  A bat zombie (D:1)
  2 giant cockroaches
  25 goblins
  7 hobgoblins
  7 jackals
  4 kobolds
  6 quokkas
  7 frilled lizards
  A giant cockroach zombie (D:1)
  A goblin zombie (Ossuary)
  10 hobgoblin zombies (Ossuary)
  2 jackal zombies (Ossuary)
  11 kobold zombies (Ossuary)
  A leopard gecko skeleton (D:5)
  7 orc zombies (Ossuary)
  A quokka zombie (D:7)
  6 rats
200 creatures vanquished.

Notes
Turn   | Place    | Note
-------+----------+-------------------------------------------
     0 | D:1      | Mopster the Minotaur Berserker began the quest for the Orb.
     0 | D:1      | Reached XP level 1. HP: 19/19 MP: 0/0
    80 | D:1      | Reached skill level 4 in Axes
    80 | D:1      | Reached XP level 2. HP: 21/27 MP: 1/1
   889 | D:2      | Found a faded altar of an unknown god.
   959 | D:2      | Reached ** piety under Trog
  1067 | D:2      | Reached XP level 3. HP: 33/33 MP: 2/2
  1072 | D:2      | Noticed Robin
  1082 | D:2      | Killed Robin
  1184 | D:2      | Reached XP level 4. HP: 37/41 MP: 3/3
  1654 | D:3      | Found a radiant altar of Vehumet.
  1687 | D:3      | Reached skill level 5 in Axes
  1723 | D:3      | Found an iron altar of Okawaru.
  2085 | D:3      | Reached XP level 5. HP: 46/47 MP: 4/4
  2246 | D:3      | Found a sparkling altar of Nemelex Xobeh.
  2503 | D:4      | Reached *** piety under Trog
  2561 | D:4      | Reached skill level 5 in Fighting
  2626 | D:4      | Found a hide-covered altar of Uskayaw.
  2733 | D:4      | Reached skill level 6 in Axes
  2830 | D:4      | Reached XP level 6. HP: 56/56 MP: 5/5
  2984 | D:4      | Reached skill level 7 in Axes
  2987 | D:4      | Found a staircase to the Ecumenical Temple.
  3153 | D:5      | Entered Level 5 of the Dungeon
  3153 | D:5      | Noticed a sky beast
  3163 | D:5      | Killed a sky beast
  3163 | D:5      | Reached XP level 7. HP: 52/61 MP: 6/6
  3271 | D:5      | Noticed Grinder
  3281 | D:5      | Paralysed by Grinder for 5 turns
  3293 | D:5      | Killed Grinder
  3293 | D:5      | Reached skill level 8 in Axes
  3293 | D:5      | Reached skill level 5 in Armour
  3704 | D:5      | Noticed Pikel
  3716 | D:5      | Killed Pikel
  3716 | D:5      | Reached skill level 9 in Axes
  3716 | D:5      | Reached XP level 8. HP: 70/70 MP: 7/7
  3964 | D:5      | Reached **** piety under Trog
  3966 | D:5      | Reached skill level 10 in Axes
  4101 | D:5      | Found a stormy altar of Qazlal.
  4147 | D:5      | Noticed Duvessa
  4147 | D:5      | Noticed Dowan
  4155 | D:5      | Killed Duvessa
  4155 | D:5      | Reached skill level 1 in Stealth
  4161 | D:5      | Killed Dowan
  4378 | D:6      | Reached XP level 9. HP: 78/78 MP: 8/8
  4426 | D:6      | Found a stormy altar of Qazlal.
  4584 | D:6      | Found a burning altar of Makhleb.
  4584 | D:6      | Found a snail-covered altar of Cheibriados.
  4611 | D:6      | Noticed Edmund
  4621 | D:6      | Killed Edmund
  4713 | D:6      | Found a sand-covered staircase.
  4722 | Ossuary  | Entered an ossuary
  5149 | Ossuary  | Reached ***** piety under Trog
  5322 | D:6      | Lost intelligence.
  5432 | D:6      | Reached skill level 11 in Axes
  5797 | D:7      | Found a flagged portal.
  5820 | Bailey   | Entered a bailey
  5880 | Bailey   | Noticed an orc sorcerer
  5883 | Bailey   | Found an iron altar of Okawaru.
  5883 | Bailey   | Noticed an orc sorcerer
  5890 | Bailey   | Reached skill level 5 in Dodging
  5893 | Bailey   | Noticed an ice devil
  5893 | Bailey   | Killed an orc sorcerer
  5896 | Bailey   | Killed an orc sorcerer
  5977 | Bailey   | Noticed an orc knight
  5990 | Bailey   | Slain by an orc knight

Illustrated notes

Levels and vault maps discovered:
D:1:      saegor_arrival_fortress, layout_basic, serial_rivers,
          chequers_serial_rivers_small_b, chequers_serial_rivers_micro_c,
          chequers_serial_rivers_small_a, chequers_serial_rivers_small_3,
          chequers_serial_rivers_room_b, chequers_serial_rivers_room_b
D:2:      layout_loops_cross, chequers_ecumenical_altar_simple, uniq_robin
D:3:      minmay_bubble_buster, layout_rooms, vehumet_crystals,
          nemelex_altar_shiori, okawaru_trees_2
D:4:      layout_loops_cross, eat_drink_and_be_merry_uskayaw,
          minmay_temple_entry_stoned_glass
D:5:      layout_loops_ring, lemuel_crystal_altar, minmay_stone_trees_small,
          uniq_grinder, uniq_pikel, uniq_duvessa
D:6:      layout_basic, gammafunk_temple_overflow_pools, basic_altar,
          nicolae_ossuary_entry_ruins, uniq_edmund
D:7:      layout_cave_pods, serial_shops, shop, enter_bailey_3
Bailey:   bailey_axe_of_yendor_kennysheep, bailey

Skill      XL: |  1  2  3  4  5  6  7  8  9 |
---------------+----------------------------+-----
Axes           | 4 5 6 7 9 10 11 | 11.8
Fighting       | 4 5 6 8 |  8.5
Armour         | 3 4 6 7 8 |  8.2
Dodging        | 3 4 5 |  5.5
Stealth        | 1 |  1.0

Action                   |  1- 3 |  4- 6 |  7- 9 || total
-------------------------+-------+-------+-------++-------
Melee: Hand axe          |    73 |   143 |   215 ||   431
       Headbutt          |    13 |    31 |    54 ||    98
       War axe           |       |       |    32 ||    32
Invok: Berserk           |     1 |     1 |     9 ||    11
       Trog's Hand       |       |       |     2 ||     2
  Use: Scroll            |       |     6 |     4 ||    10
Armor: Animal skin       |     4 |       |       ||     4
       Scale mail        |    13 |    10 |       ||    23
       Chain mail        |       |    66 |   104 ||   170
       Plate armour      |       |       |     3 ||     3
Dodge: Dodged            |    40 |    50 |    85 ||   175

Table legend: (Time is in decaauts)
 A = Elapsed time spent in this place.
 B = Non-inter-level travel time spent in this place.
 C = Inter-level travel time spent in this place.
 D = Time resting spent in this place.
 E = Time spent auto-exploring this place.
 F = Levels seen in this place.
 G = Mean time per level.
                   A        B        C        D        E       F      G
               +--------+--------+--------+--------+--------+-----+--------+
         Total |   6064 |   5235 |    829 |    484 |   3599 |   9 |  673.8 |
       Dungeon |   5363 |   4534 |    829 |    162 |   3576 |   7 |  766.1 |
       Ossuary |    529 |    529 |      0 |    286 |      0 |   1 |  529.0 |
        Bailey |    172 |    172 |      0 |     36 |     23 |   1 |  172.0 |
               +--------+--------+--------+--------+--------+-----+--------+

Top non-repeatable levels by time:
     D:5: 1138 daAuts
     D:6: 929 daAuts
     D:3: 880 daAuts
     D:1: 880 daAuts
     D:2: 715 daAuts
     D:4: 713 daAuts
 Ossuary: 529 daAuts
  Bailey: 172 daAuts
     D:7: 104 daAuts
